 Dungeon Crawl Stone Soup version 0.25-a0-632-g7713895373 (webtiles) character file.

Game seed: 16834500866155749206, levelgen mode: deterministic

76 Mgcat the Skirmisher (level 4, -2/35 HPs)
             Began as a Demonspawn Fighter on Mar 19, 2020.
             Slain by an orc
             ... wielding a +0 morningstar of protection
              (9 damage)
             ... on level 3 of the Dungeon.
             The game lasted 00:03:49 (1722 turns).

Mgcat the Skirmisher (Demonspawn Fighter)           Turns: 1722, Time: 00:03:49

Health: -2/35      AC:  6    Str: 17    XL:     4   Next: 12%
Magic:  4/4        EV:  7    Int:  9    God:
Gold:   121        SH:  9    Dex: 13    Spells: 3/3 levels left

rFire    . . .     SeeInvis .   a - +0 war axe
rCold    . . .     Gourm    .   c - +0 kite shield
rNeg     . . .     Faith    .   b - +0 scale mail
rPois    .         Spirit   .   (no helmet)
rElec    .         Reflect  .   (no cloak)
rCorr    .         Harm     .   (no gloves)
MR       .....                  (no boots)
Stlth    ..........             (no amulet)
HPRegen  0.11/turn              n - ring of wizardry {Wiz+, !d}
MPRegen  0.09/turn              (no ring)

@: no status effects
A: demonic guardian 1, powered by pain 1
a: no special abilities


You were on level 3 of the Dungeon.
You were not hungry.

You visited 1 branch of the dungeon, and saw 3 of its levels.

You collected 121 gold pieces.

Inventory:

Hand Weapons
 a - a +0 war axe (weapon)
Armour
 b - a +0 scale mail (worn)
 c - a +0 kite shield (worn)
Jewellery
 n - a ring of wizardry (left hand) {Wiz+, !d}
   (You took it off a hobgoblin on level 2 of the Dungeon)
Scrolls
 d - a scroll of identify {unknown}
 e - a scroll of fear {unknown}
 g - a scroll of teleportation {unknown}
 k - a scroll of immolation {unknown}
 l - a scroll of amnesia {unknown}
 m - a scroll of noise {unknown}
Potions
 h - a potion of lignification {unknown}
 i - a potion of stabbing {unknown}
 j - a potion of heal wounds
 p - a potion of degeneration {unknown}
Comestibles
 f - 6 rations
 o - 3 chunks of flesh {@w0}


   Skills:
 + Level 3.5 Fighting
 + Level 2.4 Axes
 + Level 3.2 Armour
 + Level 3.2 Shields


You had 3 spell levels left.
You didn't know any spells.
Your spell library was empty.

Dungeon Overview and Level Annotations

Branches:
Dungeon (3/15)

Altars:


Innate Abilities, Weirdness & Mutations

A weak demonic guardian rushes to your aid.
You sometimes gain a little power by taking damage.


Message History

The orc is heavily wounded.
The orc barely misses you. The orc hits you but does no damage.
The adder closely misses you. The adder barely misses you. The adder bites you.
There is an open door here.
You take 1 damage, and have 27/29 hp.
Spoiler Alert: The adder is fast and can poison!
You closely miss the adder. You hit the orc but do no damage.
The orc hits you with a +0 flail.
The adder bites you but does no damage. x2
You take 2 damage, and have 25/29 hp.
You closely miss the orc.
The orc is heavily wounded.
You barely miss the adder. You block the adder's attack.
An orc comes into view.
It is wielding a +0 morningstar of protection.
The orc hits you with a +0 club. You block the adder's attack.
You take 2 damage, and have 23/29 hp.
Spoiler Alert: The adder is fast and can poison!
You hit the orc.
The orc is severely wounded.
You closely miss the adder. The adder closely misses you.
The orc hits you but does no damage.
You closely miss the orc.
The orc is severely wounded.
You hit the adder. The adder bites you but does no damage.
You block the orc's attack. The adder bites you but does no damage.
Spoiler Alert: The adder is fast and can poison!
Your shield and scale mail prevent you from hitting the orc.
The orc is severely wounded.
You closely miss the adder. You block the adder's attack.
The orc barely misses you. The adder barely misses you.
You hit the orc.
You kill the orc!
You miss the adder. The adder bites you. The adder barely misses you.
The orc hits you with a +0 morningstar of protection.
You take 6 damage, and have 18/29 hp.
MASSIVE DAMAGE!!
Spoiler Alert: The adder is fast and can poison!
You are too injured to fight recklessly!
You are too injured to fight recklessly!
You closely miss the adder.
The adder is moderately wounded.
You barely miss the orc. The adder bites you but does no damage.
The orc hits you with a +0 morningstar of protection.
You block the adder's attack.
You take 1 damage, and have 17/29 hp.
Spoiler Alert: The adder is fast and can poison!
You hit the adder but do no damage.
The adder is moderately wounded.
You hit the orc. The adder barely misses you. You block the orc's attack.
The adder barely misses you.
You closely miss the adder.
The adder is lightly wounded.
You hit the orc but do no damage. You block the orc's attack.
The adder completely misses you.
Spoiler Alert: The adder is fast and can poison!
You closely miss the adder.
The adder is lightly wounded.
You hit the orc. You block the adder's attack. You block the orc's attack.
The adder bites you but does no damage. You block the orc's attack.
You barely miss the adder.
The adder is lightly wounded.
You closely miss the orc. The adder barely misses you.
The adder bites you but does no damage.
The orc hits you with a +0 morningstar of protection.
You take 2 damage, and have 15/29 hp.
Spoiler Alert: The adder is fast and can poison!
You hit the adder.
The adder is heavily wounded.
You hit the orc but do no damage. You block the adder's attack.
The orc hits you with a +0 morningstar of protection.
The adder bites you but does no damage.
You take 1 damage, and have 14/29 hp.
Spoiler Alert: The adder is fast and can poison!
You closely miss the adder.
The adder is heavily wounded.
You closely miss the orc. You block the adder's attack.
The orc hits you but does no damage. You block the adder's attack.
You hit the adder.
The adder is almost dead.
You hit the orc but do no damage. The adder bites you but does no damage.
The orc hits you with a +0 morningstar of protection!
* * * LOW HITPOINT WARNING * * *
You block the adder's attack.
You take 7 damage, and have 7/29 hp.
MASSIVE DAMAGE!!
Spoiler Alert: The adder is fast and can poison!
You slash the adder!
You kill the adder!
You have reached level 4!
You feel agile.
Your demonic ancestry asserts itself...
You feel the presence of a demonic guardian.
You hit the orc but do no damage. You block the orc's attack. x2
The orc hits you with a +0 flail.
* * * LOW HITPOINT WARNING * * *
MP restored: 4 Unknown command.
Unknown command.
You hit the orc but do no damage.
The orc is almost dead.
You hit the orc.
The orc hits you with a +0 morningstar of protection!
You die...

+# ###########.# #.
............#...
................
............#
........oo#.#+#########.
......###@#......(......
..... #[...............
.... #................
... #................ ..
#................ .
#........รท.......
#................
##................
#<..#............#


You could see 2 orcs.

Vanquished Creatures
  4 adders
  A worm (D:2)
  2 dart slugs (D:2)
  An orc (D:3)
  4 bats
  A giant cockroach (D:1)
  4 goblins
  4 hobgoblins
  2 jackals (D:2)
  A ball python (D:2)
  7 frilled lizards
  5 rats
36 creatures vanquished.

Notes
Turn   | Place    | Note
-------+----------+-------------------------------------------
     0 | D:1      | Mgcat the Demonspawn Fighter began the quest for the Orb.
     0 | D:1      | Reached XP level 1. HP: 18/18 MP: 1/1
   226 | D:1      | Reached skill level 2 in Axes
   239 | D:1      | Gained mutation: You sometimes gain a little power by
                  | taking damage. [demonic ancestry]
   239 | D:1      | Reached XP level 2. HP: 22/24 MP: 2/2
   688 | D:2      | Reached skill level 3 in Armour
   688 | D:2      | Reached skill level 3 in Shields
   692 | D:2      | Reached XP level 3. HP: 20/29 MP: 3/3
  1720 | D:3      | HP: 7/29 [orc/+0 morningstar of protection (7)]
  1721 | D:3      | Gained mutation: A weak demonic guardian rushes to your
                  | aid. [demonic ancestry]
  1721 | D:3      | Reached XP level 4. HP: 8/35 MP: 4/4
  1722 | D:3      | Slain by an orc

Levels and vault maps discovered:
D:1:      evilmike_arrival_plus, layout_basic
D:2:      layout_loops_ring, first_ration
D:3:      layout_basic, hex_tiny, grunt_gozag_breadcrumbs

Skill      XL: |  1  2 |
---------------+-------+-----
Axes           | 2 |  2.4
Armour         | 3 |  3.2
Shields        | 3 |  3.2
Fighting       | |  3.5

Action                   |  1- 3 |  4- 6 || total
-------------------------+-------+-------++-------
Melee: War axe           |   165 |     1 ||   166
  Use: Potion            |     2 |       ||     2
  Eat: Chunk             |     3 |       ||     3
Armor: Scale mail        |    88 |       ||    88
Dodge: Dodged            |    51 |       ||    51
Block: Kite shield       |   105 |     2 ||   107

Table legend:
 A = Non-vault XP
 B = Vault XP
 C = Vault XP percentage of total XP
 D = Non-vault monster count
 E = Vault monster count
 F = Vault count percentage of total count
                 A         B        C        D         E       F
            +---------+---------+-------+---------+---------+-------
      Total |     109 |       0 |   0.0 |      36 |       0 |   0.0
            +---------+---------+-------+---------+---------+-------
        D:1 |      19 |       0 |   0.0 |      13 |       0 |   0.0
        D:2 |      70 |       0 |   0.0 |      18 |       0 |   0.0
        D:3 |      20 |       0 |   0.0 |       5 |       0 |   0.0
            +---------+---------+-------+---------+---------+-------

Levels and vault maps discovered:
D:1:      evilmike_arrival_plus, layout_basic
D:2:      layout_loops_ring, first_ration
D:3:      layout_basic, hex_tiny, grunt_gozag_breadcrumbs

Table legend:
 A = Turns spent in this place as a percentage of turns spent in the entire game.
 B = Non-inter-level travel turns spent in this place as a percentage of non-inter-level travel turns spent in the entire game.
 C = Inter-level travel turns spent in this place as a percentage of turns spent in this place.
 D = Turns resting spent in this place as a percentage of non-inter-level travel turns spent in this place.
 E = Turns spent auto-exploring this place as a percentage of non-inter-level travel turns spent in this place.
 F = Non-inter-level travel turns spent in this place divided by the number of levels of this place that you've seen.
                   A       B       C       D       E      F
               +-------+-------+-------+-------+-------+----------------------
         Total | 100.0 | 100.0 |   1.7 |  29.5 |  52.3 | 564.3
       Dungeon | 100.0 | 100.0 |   1.7 |  29.5 |  52.3 | 564.3
               +-------+-------+-------+-------+-------+----------------------

Table legend:
 A = Kills in this place as a percentage of kills in entire the game.
 B = Kills by you in this place as a percentage of kills by you in the entire game.
 C = Kills by friends in this place as a percentage of kills by friends in the entire game.
 D = Other kills in this place as a percentage of other kills in the entire game.
 E = Experience gained in this place as a percentage of experience gained in the entire game.
 F = Experience gained in this place divided by the number of levels of this place that you have seen.
                   A       B       C       D       E      F
               +-------+-------+-------+-------+-------+----------------------
         Total | 100.0 | 100.0 |   N/A |   N/A | 100.0 |  36.3
       Dungeon | 100.0 | 100.0 |   N/A |   N/A | 100.0 |  36.3
               +-------+-------+-------+-------+-------+----------------------
